 Dungeon Crawl Stone Soup version 0.28.0-43-g3370ac3207 (webtiles) character file.

Game seed: 1381882007320358232

7034 Faeu the Protected (level 10, -3/94 HPs)
             Began as a Minotaur Fighter on Mar 22, 2022.
             Was an Initiate of Gozag.
             Slain by Prince Ribbit (6 damage)
             ... in a bailey.
             The game lasted 01:05:22 (7761 turns).

Faeu the Protected (Minotaur Fighter)               Turns: 7761, Time: 01:05:23

Health: -3/94      AC: 20    Str: 29    XL:     10   Next: 83%
Magic:  9/9        EV: 10    Int:  5    God:    Gozag
Gold:   1612       SH:  6    Dex:  9    Spells: 9/9 levels left

rFire   + . .      SeeInvis +   y - +2 spear (vamp) {polearm}
rCold   x . .      Faith    .   c - +0 buckler
rNeg    + . .      Spirit   .   J - +5 scale mail "Cyxal" {rN+ Str+3}
rPois   .          Reflect  .   (helmet restricted)
rElec   .          Harm     .   F - +2 cloak of the Thief {*Fog Slay-2 SInv Stlth+}
rCorr   .          Rampage  .   j - +2 pair of gloves
Will    .....                   (no boots)
Stlth   +.........              s - amulet of regeneration {@e2}
HPRegen 1.05/turn               q - ring of fire
MPRegen 0.11/turn               N - +4 ring of slaying

@: about to teleport
A: horns 2, retaliatory headbutt
a: Renounce Religion, Potion Petition, Call Merchant, Bribe Branch


You were in a bailey.
You worshipped Gozag.
Gozag was most pleased with you.
You visited 2 branches of the dungeon, and saw 11 of its levels.
You also visited: Sewer, Ossuary and Bailey.

You collected 1853 gold pieces.
You spent 241 gold pieces at shops.


Innate Abilities, Weirdness & Mutations

You have a pair of horns on your head.
You reflexively headbutt those who attack you in melee.


   Skills:
 + Level 10.7 Fighting
 + Level 10.3 Long Blades
 + Level 10.7 Armour
 + Level 10.6 Shields


You had 9 spell levels left.
You didn't know any spells.
Your spell library contained the following spells:

 Spells                   Type           Power      Damage    Failure   Level
 Animate Skeleton         Necr           0%         N/A       75%         1
 Magic Dart               Conj           0%         1d3       75%         1
 Pain                     Necr           0%         1d4       75%         1
 Call Imp                 Summ           0%         N/A       87%         2
 Mephitic Cloud           Conj/Pois/Air  0%         N/A       98%         3
 Ozocubu's Armour         Ice            0%         N/A       98%         3
 Tukima's Dance           Hex            0%         N/A       98%         3
 Vampiric Draining        Necr           0%         2d6       98%         3
 Hailstorm                Conj/Ice       0%         3d3       100%        4
 Ice Form                 Ice/Tmut       0%         N/A       100%        4
 Passage of Golubria      Tloc           0%         N/A       100%        4
 Fireball                 Conj/Fire      0%         3d3       100%        5
 Iskenderun's Battlesphe  Conj           0%         2d6       100%        5
 Yara's Violent Unravell  Hex/Tmut       0%         3d3       100%        5
 Conjure Ball Lightning   Conj/Air       0%         3x3d6     100%        6
 Simulacrum               Ice/Necr       0%         N/A       100%        6
 Orb of Destruction       Conj           0%         9d5       100%        7
 Ozocubu's Refrigeration  Ice            0%         4d5       100%        7

Inventory:

Hand Weapons
 a - a +0 long sword {long}
 x - a +2 dagger of electrocution {short}
   (You took it off a kobold in a sewer)
 y - a +2 vampiric spear (weapon) {polearm}
   (You found it on level 4 of the Dungeon)
 C - a +2 spear of freezing {polearm}
   (You took it off a gnoll on level 5 of the Dungeon)
 D - a +0 flail of draining {mace}
   (You took it off a gnoll on level 5 of the Dungeon)
 O - a +3 great sword of freezing {long}
   (You took it off a wight on level 9 of the Dungeon)
 R - the +2 whip of Foc Wag {venom, Fly rN+ Int+3, mace}
   (You found it on level 9 of the Dungeon)

   It poisons the flesh of those it strikes.
   Int:       It affects your intelligence (+3).
   rN:        It protects you from negative energy.
   Fly:       It grants you flight.
Missiles
 E - a boomerang (quivered) {throwing}
 L - 5 poisoned darts {throwing}
Armour
 c - a +0 buckler (worn)
 j - a +2 pair of gloves (worn)
   (You found it on level 1 of the Dungeon)
 F - the +2 cloak of the Thief (worn) {*Fog Slay-2 SInv Stlth+}
   (You bought it in a shop on level 6 of the Dungeon)

   It may release a thick cloud of smoke when the wearer is hurt.
   Slay:      It affects your accuracy & damage with ranged weapons and melee
   (-2).
   SInv:      It lets you see invisible.
   Stlth:     It makes you more stealthy.
 J - the +5 scale mail "Cyxal" (worn) {rN+ Str+3}
   (You found it on level 7 of the Dungeon)

   Str:       It affects your strength (+3).
   rN:        It protects you from negative energy.
Jewellery
 q - a ring of fire (left hand)
   (You found it on level 3 of the Dungeon)
 s - an amulet of regeneration (around neck) {@e2}
   (You found it on level 4 of the Dungeon)
 N - a +4 ring of slaying (right hand)
   (You found it on level 9 of the Dungeon)
Wands
 o - a wand of paralysis (12)
   (You took it off Ijyb on level 3 of the Dungeon)
 z - a wand of iceblast (6)
   (You found it on level 4 of the Dungeon)
 K - a wand of flame (14)
   (You found it on level 8 of the Dungeon)
 M - a wand of digging (3)
   (You found it on level 9 of the Dungeon)
 S - a wand of mindburst (6)
   (You took it off Maurice on level 10 of the Dungeon)
Scrolls
 f - 5 scrolls of fear
 i - a scroll of silence {unknown}
 p - 2 scrolls of enchant armour {unknown}
 r - a scroll of magic mapping {unknown}
 t - 2 scrolls of teleportation {@r4}
 u - 3 scrolls of brand weapon
 w - 2 scrolls of enchant weapon {unknown}
 A - 2 scrolls of noise {unknown}
 B - 2 scrolls of immolation {unknown}
 G - 2 scrolls of blinking {unknown}
 H - a scroll of fog {unknown}
 Q - a scroll of identify {@r1}
 T - a scroll of vulnerability {unknown}
Potions
 b - a potion of ambrosia {unknown}
 d - a potion of might
 e - 2 potions of degeneration {unknown}
 g - a potion of flight {unknown}
 h - 8 potions of curing {@q1}
 k - 4 potions of heal wounds {unknown}
 l - a potion of brilliance
 m - 4 potions of attraction {!q}
 n - 3 potions of haste {unknown}
 v - 2 potions of mutation {unknown}
 I - 2 potions of magic {unknown}
 P - a potion of berserk rage {unknown}

Dungeon Overview and Level Annotations

Branches:
Dungeon (10/15)            Temple (1/1) D:6           Sewer (visited)
Ossuary (visited)          Bailey (1/1)
   Lair: D:8-11         Orc: D:9-12

Altars:
Ashenzari
Dithmenos
Fedhas
Gozag
Hepliaklqana
Kikubaaqudgha
Makhleb
Nemelex Xobeh
Okawaru
Ru
Sif Muna
Trog
Uskayaw
Wu Jian
Xom
Yredelemnul
Zin
The Shining One

Shops:
D:6 [

Annotations:
D:8 3 runed translucent doors, Elsvaer's ghost, novice DECj Bailey Prince Ribbit

###'###..####)###
#≈≈..≈#..'......#
#≈≈..≈####......#
##≈≈.≈##≈##.....#
#≈≈.≈≈≈≈≈#....##
#≈≈..≈≈≈≈##..##
##≈≈...≈≈≈≈#.##
#≈≈§...≈≈≈≈###
##≈≈§@§.≈≈≈≈#
'###≈≈.§Fp§§≈≈≈#
.≈≈≈≈.pp§§§≈≈≈≈#
#.....≈≈...≈≈≈##
#≈≈≈.......≈≈≈#
##≈≈≈##'##≈≈≈##
##≈# ... #≈## ##
.... ## ..∩.


You could see 2 vault guards, Prince Ribbit and a human.


Message History

😕 HP[+7]
You regained 7 hp, and now have 85/94 hp.
You hit the human.
You feel better.
The human is no longer distracted by gold.
The human barely misses you. 😕 HP[+6]
You regained 6 hp, and now have 91/94 hp.
You hit the human but do no damage. You headbutt the human!
The human completely misses you. 😕 HP[+1]
You closely miss the human. Your headbutt misses the human.
The human hits you but does no damage.
The human hits you with a +1 vorpal hand axe. 😕 HP[-4]
You take 4 damage, and now have 88/94 hp.
You barely miss the human. You headbutt the human.
You kill the human! 😕 HP[+1]
You now have 1564 gold pieces (gained 12).
Items here: )) [[. 😕 HP[+2]
You regained 2 hp, and now have 91/94 hp.
You now have 1570 gold pieces (gained 6). 😕 HP[+2]
You regained 2 hp, and now have 93/94 hp.
Items here: )) [[. 😎 HP[+1]
Okay, then.
You now have 1574 gold pieces (gained 4).
You now have 1587 gold pieces (gained 13).
You now have 1612 gold pieces (gained 25).
There is an open door, spattered with blood here.
You enter the shallow water.
Moving in this stuff is going to be slow.
Found a gate leading back out of this place.
A vault guard comes into view. It is wielding a +0 broad axe.
The vault guard shouts!
Prince Ribbit comes into view.
You enter the shallow water.
Moving in this stuff is going to be slow.
Prince Ribbit blinks!
A vault guard comes into view. It is wielding a +0 broad axe.
The vault guard barely misses you. You furiously retaliate!
You headbutt the vault guard! You barely miss the vault guard.
The vault guard shouts!
The vault guard hits you but does no damage.
Your unstable footing causes you to fumble your attack.
Prince Ribbit barely misses you. You block the vault guard's attack.
You closely miss the vault guard.
You headbutt the vault guard, but do no damage.
Prince Ribbit hits you but does no damage.
The vault guard hits you with a +0 broad axe!!
Prince Ribbit hits you. 😕 HP[-20]
You take 20 damage, and now have 74/94 hp.
MASSIVE DAMAGE!! (PAUSE)
You closely miss Prince Ribbit.
Prince Ribbit hits you but does no damage.
The vault guard hits you with a +0 broad axe! 😮 HP[-9]
You take 9 damage, and now have 65/94 hp.
Your unstable footing causes you to fumble your attack.
Prince Ribbit hits you.
The vault guard hits you with a +0 broad axe!
A human comes into view.
It is wielding a +2 vorpal hand axe. 😮 HP[-12]
You take 12 damage, and now have 53/94 hp.
The human shouts!
Prince Ribbit catches a moth with his tongue.
You block the vault guard's attack. Prince Ribbit hits you. 😮 HP[+1]
Your unstable footing causes you to fumble your attack.
Prince Ribbit barely misses you.
The vault guard hits you with a +0 broad axe!
You block the vault guard's attack. 😮 HP[-6]
You take 6 damage, and now have 48/94 hp.
You barely miss Prince Ribbit. Prince Ribbit hits you.
* * * LOW HITPOINT WARNING * * *
The vault guard hits you with a +0 broad axe!
* * * LOW HITPOINT WARNING * * *
The vault guard hits you with a +0 broad axe!
* * * LOW HITPOINT WARNING * * *
Prince Ribbit hits you!
* * * LOW HITPOINT WARNING * * *
With a swish of your cloak, you release a cloud of fog. 😱 HP[-29]
You take 29 damage, and now have 19/94 hp.
MASSIVE DAMAGE!! (PAUSE)
As you read the scroll of teleportation {@r4}, it crumbles to dust.
You feel strangely unstable.
The vault guard hits you with a +0 broad axe!!
* * * LOW HITPOINT WARNING * * *
You block Prince Ribbit's attack.
The vault guard barely misses you. 😱 HP[-17]
You take 17 damage, and now have 2/94 hp.
Prince Ribbit hits you.
You die...
Your body crumbles into a pile of gold.

Skill      XL: |  1  2  3  4  5  6  7  8  9 10 |
---------------+-------------------------------+-----
Armour         | 4 5 6 7 9 10 | 10.7
Fighting       | 4 5 6 8 9 10 | 10.7
Shields        | 4 5 6 7 9 10 | 10.6
Long Blades    | 3 4 5 6 7 9 10 | 10.3

Action                   |  1- 3 |  4- 6 |  7- 9 | 10-12 || total
-------------------------+-------+-------+-------+-------++-------
Melee: Long sword        |    90 |   177 |   102 |       ||   369
       Headbutt          |    12 |    25 |    67 |    41 ||   145
       Dagger            |       |     5 |   161 |    21 ||   187
       Spear             |       |       |   158 |   152 ||   310
       Great sword       |       |       |       |    17 ||    17
Throw: Boomerang         |       |       |       |     7 ||     7
  Use: Potion            |       |       |     1 |       ||     1
       Scroll            |       |       |     5 |     1 ||     6
 Stab: Distracted        |       |       |     1 |     1 ||     2
Armor: Scale mail        |    40 |    86 |   294 |   101 ||   521
Dodge: Dodged            |    44 |    64 |   277 |    92 ||   477
Block: Buckler           |    20 |    22 |   124 |    50 ||   216

Levels and vault maps discovered:
D:1:      minmay_arrival_shoal_huts, layout_loops_ring
D:2:      wad_pebble_path, layout_basic, ebering_ecumenical_altar_abandoned,
          basic_altar, minmay_misc_feat_chi
D:3:      layout_loops_ring, uniq_natasha, uniq_ijyb
D:4:      layout_loops_ring, portal_sewer_entry_b
D:5:      layout_cave_pools, lemuel_round_altar, kennysheep_vampire_church
D:6:      layout_rooms, minmay_temple_entry_glassed_door, enter_ossuary_5,
          serial_shops, nicolae_stop_n_shop_2
D:7:      layout_loops_ring, hangedman_abyss_or_decor_stabs, minmay_diced_spiral
D:8:      layout_cave_pools, ebering_ghost_gozag
D:9:      layout_loops_ring, tgw_sif
D:10:     layout_irregular_city, general_overflow_altar, orc_0_dummy,
          enter_bailey_6, uniq_maurice
Temple:   mainiacjoe_temple_coin_purse
Bailey:   bailey_axe_froggy_fort_hellmonk, bailey

Notes
Turn   | Place    | Note
-------+----------+-------------------------------------------
     0 | D:1      | Faeu the Minotaur Fighter began the quest for the Orb.
     0 | D:1      | Reached XP level 1. HP: 19/19 MP: 0/0
     0 | D:1      | magus.rc [v1.9.6]
   146 | D:1      | Reached XP level 2. HP: 24/27 MP: 1/1
   209 | D:1      | You pick up a book of Minor Magic and begin reading...
   209 | D:1      | You add the spells Magic Dart, Call Imp and Mephitic Cloud
                  | to your library.
   410 | D:1      | Reached skill level 4 in Armour
   415 | D:1      | Reached skill level 4 in Fighting
   415 | D:1      | Reached skill level 4 in Shields
   463 | D:1      | Reached skill level 3 in Long Blades
   699 | D:1      | Reached XP level 3. HP: 33/33 MP: 2/2
   736 | D:2      | Found a faded altar of an unknown god.
   763 | D:2      | Prayed at the altar of an unknown god.
   763 | D:2      | Became a worshipper of Gozag Ym Sagoz the Greedy
  1005 | D:2      | Found a hide-covered altar of Uskayaw.
  1445 | D:2      | magus.rc [v1.9.6]
  1562 | D:3      | Noticed Ijyb
  1572 | D:3      | Paralysed by Ijyb for 2 turns
  1577 | D:3      | Killed Ijyb
  1578 | D:3      | Reached XP level 4. HP: 39/41 MP: 3/3
  1721 | D:3      | Noticed Natasha
  1726 | D:3      | Killed Natasha
  1727 | D:3      | Reached XP level 5. HP: 44/47 MP: 4/4
  2182 | D:3      | Noticed Natasha
  2187 | D:3      | Killed Natasha
  2188 | D:3      | Reached skill level 4 in Long Blades
  2245 | D:4      | Found a glowing drain.
  2268 | Sewer    | Entered a sewer
  2369 | Sewer    | Reached skill level 5 in Armour
  2385 | Sewer    | Reached skill level 5 in Fighting
  2584 | Sewer    | Reached skill level 5 in Shields
  2669 | Sewer    | Reached XP level 6. HP: 56/56 MP: 5/5
  3582 | D:5      | Entered Level 5 of the Dungeon
  3591 | D:5      | You add the spells Tukima's Dance, Passage of Golubria and
                  | Yara's Violent Unravelling to your library.
  3609 | D:5      | You add the spells Ozocubu's Armour and Ozocubu's
                  | Refrigeration to your library.
  3646 | D:5      | Noticed a water moccasin
  3652 | D:5      | HP: 14/57 [water moccasin (2)]
  3655 | D:5      | Killed a water moccasin
  3656 | D:5      | Reached skill level 5 in Long Blades
  3656 | D:5      | Reached XP level 7. HP: 12/62 MP: 6/6
  3657 | D:5      | HP: 12/62 [poisoned by a water moccasin]
  3727 | D:5      | Reached skill level 6 in Fighting
  3727 | D:5      | Reached skill level 6 in Armour
  3794 | D:5      | You pick up a book of Necromancy and begin reading...
  3794 | D:5      | You add the spells Pain, Animate Skeleton and Vampiric
                  | Draining to your library.
  3802 | D:5      | Reached skill level 6 in Shields
  3844 | D:5      | Found an opulent altar of Gozag.
  3956 | D:5      | Found an ancient bone altar of Kikubaaqudgha.
  4089 | D:6      | Reached skill level 6 in Long Blades
  4089 | D:6      | Reached XP level 8. HP: 47/71 MP: 7/7
  4186 | D:6      | Found Cylomaeh's Armour Shop.
  4225 | D:6      | Reached skill level 7 in Fighting
  4232 | D:6      | Reached skill level 7 in Armour
  4261 | D:6      | Bought the +2 cloak of the Thief {*Fog Slay-2 SInv Stlth+}
                  | for 241 gold pieces
  4261 | D:6      | Found the +2 cloak of the Thief {*Fog Slay-2 SInv Stlth+}
  4342 | D:6      | HP: 13/73 [ogre/+0 giant spiked club (18)]
  4345 | D:6      | Reached skill level 7 in Shields
  4465 | D:6      | Found a sand-covered staircase.
  4470 | Ossuary  | Entered an ossuary
  4875 | D:6      | Found a staircase to the Ecumenical Temple.
  4888 | Temple   | Entered the Ecumenical Temple
  5178 | D:7      | Reached skill level 7 in Long Blades
  5254 | D:7      | Reached skill level 8 in Fighting
  5254 | D:7      | Reached XP level 9. HP: 50/81 MP: 8/8
  5269 | D:7      | Reached skill level 8 in Armour
  5289 | D:7      | Reached skill level 8 in Shields
  5727 | D:7      | Identified the +5 scale mail "Cyxal" {rN+ Str+3}
  5948 | D:7      | Reached skill level 8 in Long Blades
  6328 | D:8      | Found a runed translucent gate.
  6329 | D:8      | Found a runed translucent gate.
  6329 | D:8      | Found a runed translucent gate.
  6330 | D:8      | Found an opulent altar of Gozag.
  6332 | D:8      | Noticed a deep elf pyromancer
  6334 | D:8      | Noticed a cyclops
  6334 | D:8      | Noticed Elsvaer's ghost (novice DECj)
  6610 | D:9      | Reached skill level 9 in Fighting
  6610 | D:9      | Reached skill level 9 in Armour
  6664 | D:9      | Reached skill level 9 in Shields
  6679 | D:9      | You pick up a book of the Tundra and begin reading...
  6679 | D:9      | You add the spells Hailstorm, Ice Form and Simulacrum to
                  | your library.
  6893 | D:9      | You pick up a book of the Spheres and begin reading...
  6893 | D:9      | You add the spells Iskenderun's Battlesphere, Fireball,
                  | Conjure Ball Lightning and Orb of Destruction to your
                  | library.
  6956 | D:9      | Noticed a two-headed ogre
  6957 | D:9      | Noticed a troll
  6963 | D:9      | Killed a two-headed ogre
  6964 | D:9      | Reached skill level 9 in Long Blades
  6964 | D:9      | Reached XP level 10. HP: 67/91 MP: 9/9
  7140 | D:9      | Identified the +2 whip of Foc Wag {venom, Fly rN+ Int+3}
  7294 | D:9      | Found a shimmering blue altar of Sif Muna.
  7298 | D:10     | Entered Level 10 of the Dungeon
  7350 | D:10     | Noticed Maurice
  7365 | D:10     | Killed Maurice
  7386 | D:10     | Found a glowing golden altar of the Shining One.
  7396 | D:10     | Noticed a two-headed ogre
  7435 | D:10     | Killed a two-headed ogre
  7436 | D:10     | Reached skill level 10 in Fighting
  7436 | D:10     | Reached skill level 10 in Armour
  7436 | D:10     | Reached skill level 10 in Shields
  7550 | D:10     | Found a flagged portal.
  7559 | Bailey   | Entered a bailey
  7668 | Bailey   | Reached skill level 10 in Long Blades
  7749 | Bailey   | Noticed a vault guard
  7750 | Bailey   | Noticed Prince Ribbit
  7751 | Bailey   | Noticed a vault guard
  7759 | Bailey   | HP: 19/94 [Prince Ribbit (11)]
  7760 | Bailey   | HP: 2/94 [vault guard/+0 broad axe (18)]
  7761 | Bailey   | Slain by Prince Ribbit

Vanquished Creatures
  2 two-headed ogres
  Maurice (D:10)
  A troll (D:9)
  A wraith (D:10)
  3 steam dragons (D:7)
  6 humans (Bailey)
  5 water moccasins
  An orc warrior (D:10)
  A black bear (D:7)
  2 necrophages
  2 ogres
  A centaur (D:9)
  A phantom (D:6)
  3 kobold brigands
  10 bullfrogs
  2 wyvern zombies
  A wyvern skeleton (D:7)
  10 killer bees
  6 wights
  A howler monkey (D:9)
  2 vampire bats (D:5)
  A bullfrog zombie (D:3)
  2 human zombies (Ossuary)
  A jelly (D:6)
  2 centaur skeletons
  3 orc priests
  A bullfrog skeleton (D:6)
  4 hounds
  An iguana (D:4)
  Ijyb (D:3)
  Natasha (twice) (D:3)
  An orc wizard (D:10)
  A killer bee zombie (D:7)
  A hound zombie (Ossuary)
  4 mummies (Ossuary)
  A howler monkey zombie (D:9)
  6 adders
  6 gnolls
  3 river rats (Sewer)
  3 shadow imps
  3 white imps
  3 adder zombies (Ossuary)
  3 worms (Sewer)
  8 dart slugs
  10 orcs
  7 ball pythons
  2 bat skeletons (D:5)
  3 bat zombies (D:5)
  10 endoplasms
  A giant cockroach (D:2)
  9 goblins
  7 hobgoblins
  20 kobolds
  2 quokkas (D:1)
  6 bats
  2 frilled lizards (D:2)
  A gnoll zombie (Ossuary)
  A jackal zombie (Ossuary)
  2 orc zombies (Ossuary)
  A quokka skeleton (D:4)
  17 rats
  2 rat zombies (Ossuary)
226 creatures vanquished.

Vanquished Creatures (others)
  An orc wizard (D:9)
1 creature vanquished.

Grand Total: 227 creatures vanquished

Table legend:
 A = Non-vault XP
 B = Vault XP
 C = Vault XP percentage of total XP
 D = Non-vault monster count
 E = Vault monster count
 F = Vault count percentage of total count
                 A         B        C        D         E       F
            +---------+---------+-------+---------+---------+-------
      Total |    6576 |    3473 |  34.6 |     141 |      86 |  37.9
            +---------+---------+-------+---------+---------+-------
        D:1 |      41 |       0 |   0.0 |      21 |       0 |   0.0
        D:2 |      25 |       0 |   0.0 |      17 |       0 |   0.0
        D:3 |     128 |      71 |  35.7 |      19 |       2 |   9.5
        D:4 |     134 |       3 |   2.2 |      11 |       3 |  21.4
        D:5 |     468 |     120 |  20.4 |      11 |       7 |  38.9
        D:6 |     751 |       0 |   0.0 |      14 |       0 |   0.0
        D:7 |    1217 |     306 |  20.1 |      14 |       4 |  22.2
        D:8 |     679 |       0 |   0.0 |      15 |       0 |   0.0
        D:9 |    1876 |      15 |   0.8 |      12 |       1 |   7.7
       D:10 |    1257 |     480 |  27.6 |       7 |       1 |  12.5
      Sewer |       0 |     300 | 100.0 |       0 |      28 | 100.0
    Ossuary |       0 |     200 | 100.0 |       0 |      16 | 100.0
     Bailey |       0 |    1978 | 100.0 |       0 |      24 | 100.0
            +---------+---------+-------+---------+---------+-------

Illustrated notes

Table legend:
 A = Kills in this place as a percentage of kills in entire the game.
 B = Kills by you in this place as a percentage of kills by you in the entire game.
 C = Kills by friends in this place as a percentage of kills by friends in the entire game.
 D = Other kills in this place as a percentage of other kills in the entire game.
 E = Experience gained in this place as a percentage of experience gained in the entire game.
 F = Experience gained in this place divided by the number of levels of this place that you have seen.
                   A       B       C       D       E      F
               +-------+-------+-------+-------+-------+----------------------
         Total | 100.0 | 100.0 |   N/A | 100.0 | 100.0 | 717.8
       Dungeon |  70.0 |  69.9 |   N/A | 100.0 |  75.3 | 757.1
         Sewer |  12.3 |  12.4 |   N/A |   0.0 |   3.0 | 300.0
       Ossuary |   7.0 |   7.1 |   N/A |   0.0 |   2.0 | 200.0
        Bailey |  10.6 |  10.6 |   N/A |   0.0 |  19.7 | 1978.0
               +-------+-------+-------+-------+-------+----------------------

Table legend: (Time is in decaauts)
 A = Elapsed time spent in this place.
 B = Non-inter-level travel time spent in this place.
 C = Inter-level travel time spent in this place.
 D = Time resting spent in this place.
 E = Time spent auto-exploring this place.
 F = Levels seen in this place.
 G = Mean time per level.
                   A        B        C        D        E       F      G
               +--------+--------+--------+--------+--------+-----+--------+
         Total |   8056 |   7969 |     87 |    192 |   4102 |  14 |  575.4 |
       Dungeon |   6663 |   6576 |     87 |    192 |   3631 |  10 |  666.3 |
        Temple |     55 |     55 |      0 |      0 |     26 |   1 |   55.0 |
         Sewer |    856 |    856 |      0 |      0 |    442 |   1 |  856.0 |
       Ossuary |    257 |    257 |      0 |      0 |      3 |   1 |  257.0 |
        Bailey |    223 |    223 |      0 |      0 |      0 |   1 |  223.0 |
               +--------+--------+--------+--------+--------+-----+--------+

Top non-repeatable levels by time:
     D:6: 897 daAuts
   Sewer: 856 daAuts
     D:7: 854 daAuts
     D:3: 776 daAuts
     D:4: 774 daAuts
     D:9: 773 daAuts
     D:1: 752 daAuts
     D:2: 733 daAuts
     D:5: 488 daAuts
     D:8: 344 daAuts
    D:10: 268 daAuts
 Ossuary: 257 daAuts
  Bailey: 223 daAuts
  Temple: 55 daAuts
